NYP
SPOKANE INDIANS @ LOWELL SPINNERS
09/19/2045
 
TOP OF THE 1ST
Spokane Indians batting - Pitching for Lowell Spinners : RHP Jon Olivo
Pitching: RHP Jon Olivo
Batting: RHB Brandon Davis 0-0: Fly out, F8 (Flyball, 8LM, EV 91.2 MPH)
Batting: LHB Ben Radach 0-0: Called Strike
0-1: Ball
1-1: Fly out, F9 (Flyball, 9LD, EV 92.5 MPH)
Batting: LHB Gabriel Graves 0-0: Ball
1-0: Fly out, F5 (Flyball, 5D, EV 87.5 MPH)
Top of the 1st over - 0 runs, 0 hits, 0 errors, 0 left on base; Spokane 0 - Lowell 0
BOTTOM OF THE 1ST
Lowell Spinners batting - Pitching for Spokane Indians : RHP Shan-tang Chi
Pitching: RHP Shan-tang Chi
Batting: RHB Nick Cottrell 0-0: Foul Ball, location: 2F
0-1: DOUBLE (Groundball, 3L, EV 101.9 MPH)
Batting: RHB William Lung 0-0: Called Strike
0-1: Ball
1-1: Ball
2-1: Foul Ball, location: 2F
2-2: Foul Ball, location: 2F
2-2: Fly out, F4 (Line Drive, 4, EV 76.9 MPH)
Batting: LHB Nelis Geurts 0-0: SINGLE (Line Drive, 78S, EV 86.9 MPH)
Nick Cottrell to third
Runner from 3rd tries for Home, SAFE, throw by LF to home
Batting: RHB Matt Hinkle 0-0: Called Strike
0-1: Fly out, F9 (Flyball, 9LM, EV 96.2 MPH)
Batting: LHB Danny Montoya 0-0: Fly out, F9 (Flyball, 9LM, EV 88.1 MPH)
Bottom of the 1st over - 1 run, 2 hits, 0 errors, 1 left on base; Spokane 0 - Lowell 1
TOP OF THE 2ND
Spokane Indians batting - Pitching for Lowell Spinners : RHP Jon Olivo
Batting: SHB David Simpson 0-0: Ball
1-0: SINGLE (Groundball, 34D, EV 97.5 MPH)
Batting: RHB Shoh Tanioka 0-0: Called Strike
0-1: Foul Ball, location: 2F
0-2: Ball
1-2: SINGLE (Groundball, 6S, EV 67.5 MPH) (infield hit)
David Simpson to second
Batting: RHB Gavin Fimple 0-0: Foul Ball, location: 2F
0-1: Ball
1-1: Ball
2-1: Fielders Choice at 2nd, 6-4 (Groundball, 6, EV 84.4 MPH)
David Simpson to third
Batting: SHB Reagan Dudley 0-0: Called Strike
Gavin Fimple steals 2nd base
0-1: Called Strike
0-2: Ball
1-2: SINGLE (Groundball, 34S, EV 66.2 MPH) (infield hit)
Batting: LHB Dave Doughty 0-0: Foul Ball, location: 2F
0-1: Called Strike
0-2: Strikes out swinging
Batting: RHB Zi-jing Wang 0-0: Swinging Strike
0-1: Ball
1-1: SINGLE (Groundball, 56D, EV 106.2 MPH)
David Simpson scores
Gavin Fimple to third
Reagan Dudley to second
Runner from 3rd tries for Home, SAFE, throw by LF to home
Batting: RHB Brandon Davis 0-0: Ball
1-0: Ball
2-0: Swinging Strike
2-1: Called Strike
2-2: Ball
3-2: Base on Balls
Reagan Dudley to third
Zi-jing Wang to second
Batting: LHB Ben Radach 0-0: Ground out U3 (Groundball, 3, EV 77.5 MPH)
Top of the 2nd over - 2 runs, 4 hits, 0 errors, 3 left on base; Spokane 2 - Lowell 1
BOTTOM OF THE 2ND
Lowell Spinners batting - Pitching for Spokane Indians : RHP Shan-tang Chi
Batting: RHB Billy Ratz 0-0: Fly out, F8 (Flyball, 8LS, EV 88.1 MPH)
Batting: RHB Josh Helman 0-0: Ground out U3 (Groundball, 34S, EV 89.4 MPH)
Batting: RHB Ted Emmerich 0-0: Foul Ball, location: 2F
0-1: Foul Ball, location: 2F
0-2: Ball
1-2: Foul Ball, location: 2F
1-2: Fly out, F4 (Line Drive, 4, EV 68.8 MPH)
Bottom of the 2nd over - 0 runs, 0 hits, 0 errors, 0 left on base; Spokane 2 - Lowell 1
TOP OF THE 3RD
Spokane Indians batting - Pitching for Lowell Spinners : RHP Jon Olivo
Batting: LHB Gabriel Graves 0-0: Called Strike
0-1: Ball
1-1: Ball
2-1: DOUBLE (Groundball, 3L, EV 107.5 MPH)
Batting: SHB David Simpson 0-0: Ground out 6-3 (Groundball, 6, EV 85.6 MPH)
Gabriel Graves to third
Batting: RHB Shoh Tanioka 0-0: Ball
Wild Pitch!
Gabriel Graves scores
1-0: Called Strike
1-1: Fly out, F8 (Flyball, 8LD, EV 105.0 MPH)
Batting: RHB Gavin Fimple 0-0: Ball
1-0: Ground out 6-3 (Groundball, 6S, EV 68.1 MPH)
Top of the 3rd over - 1 run, 1 hit, 0 errors, 0 left on base; Spokane 3 - Lowell 1
BOTTOM OF THE 3RD
Lowell Spinners batting - Pitching for Spokane Indians : RHP Shan-tang Chi
Batting: RHB Erik Nunez 0-0: Swinging Strike
0-1: Ball
1-1: Ball
2-1: Swinging Strike
2-2: Ground out 6-3 (Groundball, 6, EV 101.2 MPH)
Batting: RHB Nick Cottrell 0-0: Called Strike
0-1: Ball
1-1: Ball
2-1: Foul Ball, location: 2F
2-2: Strikes out swinging
Batting: RHB William Lung 0-0: Ball
1-0: Ground out 1-3 (Groundball, 13S, EV 73.8 MPH)
Bottom of the 3rd over - 0 runs, 0 hits, 0 errors, 0 left on base; Spokane 3 - Lowell 1
TOP OF THE 4TH
Spokane Indians batting - Pitching for Lowell Spinners : RHP Jon Olivo
Batting: SHB Reagan Dudley 0-0: Foul Ball, location: 2F
0-1: Called Strike
0-2: Foul Ball, location: 2F
0-2: Ball
1-2: Foul Ball, location: 2F
1-2: Strikes out swinging
Batting: LHB Dave Doughty 0-0: Ball
1-0: Foul Ball, location: 2F
1-1: Foul Ball, location: 2F
1-2: Strikes out swinging
Batting: RHB Zi-jing Wang 0-0: Ball
1-0: Ball
2-0: Foul Ball, location: 2F
2-1: Ground out U3 (Groundball, 3, EV 84.4 MPH)
Top of the 4th over - 0 runs, 0 hits, 0 errors, 0 left on base; Spokane 3 - Lowell 1
BOTTOM OF THE 4TH
Lowell Spinners batting - Pitching for Spokane Indians : RHP Shan-tang Chi
Batting: LHB Nelis Geurts 0-0: Ground out 5-3 (Groundball, 56, EV 103.1 MPH)
Batting: RHB Matt Hinkle 0-0: Foul Ball, location: 2F
0-1: Hit by Pitch
Batting: LHB Danny Montoya 0-0: Ball
1-0: Called Strike
Matt Hinkle steals 2nd base
1-1: Ball
2-1: Ball
3-1: Ground out 4-3 (Groundball, 4, EV 86.2 MPH)
Matt Hinkle to third
Batting: RHB Billy Ratz 0-0: Called Strike
0-1: Ground out 5-3 (Groundball, 56S, EV 70.0 MPH)
Bottom of the 4th over - 0 runs, 0 hits, 0 errors, 1 left on base; Spokane 3 - Lowell 1
TOP OF THE 5TH
Spokane Indians batting - Pitching for Lowell Spinners : RHP Jon Olivo
Batting: RHB Brandon Davis 0-0: Foul Ball, location: 2F
0-1: Ground out 6-3 (Groundball, 56, EV 79.4 MPH)
Batting: LHB Ben Radach 0-0: Called Strike
0-1: Ball
1-1: Fly out, F9 (Flyball, 9LS, EV 80.6 MPH)
Batting: LHB Gabriel Graves 0-0: Called Strike
0-1: SINGLE (Groundball, 5D, EV 102.5 MPH)
Batting: SHB David Simpson 0-0: Ball
Gabriel Graves steals 2nd, throwing error, E2
Gabriel Graves to third
1-0: Ball
2-0: Called Strike
2-1: Foul Ball, location: 2F
2-2: Foul Ball, location: 2F
2-2: Strikes out swinging
Top of the 5th over - 0 runs, 1 hit, 1 error, 1 left on base; Spokane 3 - Lowell 1
BOTTOM OF THE 5TH
Lowell Spinners batting - Pitching for Spokane Indians : RHP Shan-tang Chi
Batting: RHB Josh Helman 0-0: Foul Ball, location: 2F
0-1: Fly out, F9 (Flyball, 9LS, EV 82.5 MPH)
Batting: RHB Ted Emmerich 0-0: DOUBLE (Line Drive, 5D, EV 105.6 MPH)
Batting: RHB Erik Nunez 0-0: Ball
1-0: Foul Ball, location: 2F
1-1: DOUBLE (Groundball, 5L, EV 106.2 MPH)
Ted Emmerich scores
Batting: RHB Nick Cottrell 0-0: Foul Ball, location: 2F
0-1: Foul Ball, location: 2F
0-2: Ball
1-2: Strikes out swinging
Batting: RHB William Lung 0-0: Called Strike
0-1: Ball
1-1: Ball
2-1: Fly out, F7 (Flyball, 7D, EV 93.1 MPH)
Bottom of the 5th over - 1 run, 2 hits, 0 errors, 1 left on base; Spokane 3 - Lowell 2
TOP OF THE 6TH
Spokane Indians batting - Pitching for Lowell Spinners : RHP Jon Olivo
Batting: RHB Shoh Tanioka 0-0: Foul Ball, location: 2F
0-1: Ball
1-1: Ground out 6-3 (Groundball, 6, EV 95.6 MPH)
Batting: RHB Gavin Fimple 0-0: Ball
1-0: Ball
2-0: Called Strike
2-1: Foul Ball, location: 2F
2-2: Ball
3-2: Ground out 6-3 (Groundball, 6, EV 92.5 MPH)
Batting: SHB Reagan Dudley 0-0: Foul Ball, location: 2F
0-1: Ball
1-1: Ball
2-1: Foul Ball, location: 2F
2-2: Ball
3-2: Ground out 3-1 (Groundball, 34, EV 85.6 MPH)
Top of the 6th over - 0 runs, 0 hits, 0 errors, 0 left on base; Spokane 3 - Lowell 2
BOTTOM OF THE 6TH
Lowell Spinners batting - Pitching for Spokane Indians : RHP Shan-tang Chi
Batting: LHB Nelis Geurts 0-0: Called Strike
0-1: SINGLE (Groundball, 25, EV 71.2 MPH) (infield hit)
Batting: RHB Matt Hinkle 0-0: Called Strike
0-1: Foul Ball, location: 2F
0-2: Ball
1-2: Foul Ball, location: 2F
1-2: Fly out, F8 (Line Drive, 8LD, EV 101.9 MPH)
Batting: LHB Danny Montoya 0-0: Foul Ball, location: 2F
0-1: Foul Ball, location: 2F
0-2: Ball
1-2: Ground out U3 (Groundball, 34, EV 83.1 MPH)
Nelis Geurts to second
Batting: RHB Billy Ratz 0-0: Called Strike
0-1: Ball
1-1: Ball
Wild Pitch!
Nelis Geurts to third
2-1: Foul Ball, location: 2F
2-2: Ball
3-2: SINGLE (Groundball, 6M, EV 85.0 MPH) (infield hit)
Nelis Geurts scores
Batting: RHB Josh Helman 0-0: Called Strike
Billy Ratz steals 2nd base
0-1: SINGLE (Groundball, 56D, EV 98.1 MPH)
Billy Ratz to third
Runner from 3rd tries for Home, SAFE, throw by LF to home
Batting: RHB Ted Emmerich 0-0: Ball
1-0: Ball
2-0: Ball
3-0: Called Strike
3-1: SINGLE (Groundball, 4, EV 100.0 MPH)
Josh Helman to second
Runner from 2nd tries for 3rd, SAFE, throw by CF made to third
Batting: RHB Erik Nunez 0-0: Foul Ball, location: 2F
0-1: Ball
1-1: Swinging Strike
1-2: Ball
2-2: Ball
3-2: Ground out 6-3 (Groundball, 6, EV 84.4 MPH)
Bottom of the 6th over - 2 runs, 4 hits, 0 errors, 2 left on base; Spokane 3 - Lowell 4
TOP OF THE 7TH
Spokane Indians batting - Pitching for Lowell Spinners : RHP Jon Olivo
Batting: LHB Dave Doughty 0-0: Ball
1-0: Called Strike
1-1: Swinging Strike
1-2: Ball
2-2: Ball
3-2: Strikes out swinging
Pitching: RHP Joseph Anderson
Batting: RHB Zi-jing Wang 0-0: Ball
1-0: SINGLE (Groundball, 4M, EV 103.8 MPH) (infield hit)
Pinch Hitting: LHB Alex Ramos 0-0: Ball
1-0: Called Strike
Zi-jing Wang steals 2nd base
1-1: SINGLE (Line Drive, 9S, EV 103.8 MPH)
Zi-jing Wang to third
Runner from 3rd tries for Home, SAFE, throw by RF to home
Batting: LHB Ben Radach 0-0: Ball
1-0: Foul Ball, location: 2F
1-1: Foul Ball, location: 2F
1-2: SINGLE (Groundball, 13, EV 85.6 MPH) (infield hit)
Alex Ramos to second
Batting: LHB Gabriel Graves 0-0: Called Strike
Alex Ramos steals 3rd base
0-1: Foul Ball, location: 2F
0-2: Ball
1-2: Ball
2-2: Ball
3-2: Foul Ball, location: 2F
3-2: Foul Ball, location: 2F
3-2: Fly out, F7 (Flyball, 78D, EV 96.9 MPH)
Runner from 3rd tags up, SCORES, throw by LF
Batting: SHB David Simpson Pickoff Throw to First - Out! 1-3
Top of the 7th over - 2 runs, 3 hits, 0 errors, 0 left on base; Spokane 5 - Lowell 4
BOTTOM OF THE 7TH
Lowell Spinners batting - Pitching for Spokane Indians : RHP Shan-tang Chi
Now at 2B: Knud Prins
Now in CF: Justin Covington
Batting: RHB Nick Cottrell 0-0: Swinging Strike
0-1: Ground out 4-3 (Groundball, 4, EV 103.8 MPH)
Batting: RHB William Lung 0-0: Ball
1-0: Fly out, F8 (Flyball, 8LS, EV 90.0 MPH)
Batting: LHB Nelis Geurts 0-0: Ball
1-0: Called Strike
1-1: Swinging Strike
1-2: DOUBLE (Line Drive, 78D, EV 104.4 MPH)
Batting: RHB Matt Hinkle 0-0: Called Strike
0-1: Ball
Passed Ball!
Nelis Geurts to third
1-1: Called Strike
1-2: Strikes out swinging
Bottom of the 7th over - 0 runs, 1 hit, 0 errors, 1 left on base; Spokane 5 - Lowell 4
TOP OF THE 8TH
Spokane Indians batting - Pitching for Lowell Spinners : RHP Joseph Anderson
Pitching: RHP Juan Mejia
Batting: SHB David Simpson 0-0: Ball
1-0: Ball
2-0: Foul Ball, location: 2F
2-1: Foul Ball, location: 2F
2-2: Foul Ball, location: 2F
2-2: Ball
3-2: Fly out, F6 (Popup, 4M, EV 61.2 MPH)
Batting: RHB Shoh Tanioka 0-0: Ball
1-0: Called Strike
1-1: Swinging Strike
1-2: Hit by Pitch
Batting: RHB Gavin Fimple 0-0: Ball
Shoh Tanioka steals 2nd base
1-0: Ball
2-0: Ball
3-0: Foul Ball, location: 2F
3-1: Base on Balls
Batting: SHB Reagan Dudley 0-0: Ball
Wild Pitch!
Shoh Tanioka to third
Gavin Fimple to second
1-0: Fly out, F8 (Line Drive, 8RD, EV 87.5 MPH)
Runner from 3rd tags up, OUT at HOME! 8-2
Top of the 8th over - 0 runs, 0 hits, 0 errors, 1 left on base; Spokane 5 - Lowell 4
BOTTOM OF THE 8TH
Lowell Spinners batting - Pitching for Spokane Indians : RHP Shan-tang Chi
Now at 1B: Tony Mendez
Batting: LHB Danny Montoya 0-0: Fly out, F7 (Flyball, 7, EV 90.6 MPH)
Batting: RHB Billy Ratz 0-0: Called Strike
0-1: Ground out 6-3 (Groundball, 6, EV 84.4 MPH)
Batting: RHB Josh Helman 0-0: Called Strike
0-1: Ball
1-1: Hit by Pitch
Batting: RHB Ted Emmerich 0-0: Foul Ball, location: 2F
0-1: Foul Ball, location: 2F
0-2: Strikes out swinging
Bottom of the 8th over - 0 runs, 0 hits, 0 errors, 1 left on base; Spokane 5 - Lowell 4
TOP OF THE 9TH
Spokane Indians batting - Pitching for Lowell Spinners : RHP Juan Mejia
Pitching: RHP Roberto Morales
Batting: LHB Dave Doughty 0-0: Ball
1-0: Called Strike
1-1: Ball
2-1: SINGLE (Groundball, 4MS, EV 96.2 MPH)
Batting: RHB Zi-jing Wang Balk!
Dave Doughty to second
0-0: Sac Bunt to 2L - play at first, batter OUT! 2-3
Dave Doughty to third
Batting: LHB Justin Covington Squeeze bunt is on, Dave Doughty is out
0-1: Fly out, F9 (Flyball, 89D, EV 101.9 MPH)
Top of the 9th over - 0 runs, 1 hit, 0 errors, 0 left on base; Spokane 5 - Lowell 4
BOTTOM OF THE 9TH
Lowell Spinners batting - Pitching for Spokane Indians : RHP Shan-tang Chi
Pitching: LHP Ryan Fulford
Batting: RHB Erik Nunez 0-0: Ball
1-0: Foul Ball, location: 2F
1-1: Ball
2-1: Foul Ball, location: 2F
2-2: Strikes out swinging
Batting: RHB Nick Cottrell 0-0: Swinging Strike
0-1: Called Strike
0-2: Strikes out swinging
Batting: RHB William Lung 0-0: Foul Ball, location: 2F
0-1: Ball
1-1: Fly out, F4 (Line Drive, 4, EV 70.0 MPH)
Bottom of the 9th over - 0 runs, 0 hits, 0 errors, 0 left on base; Spokane 5 - Lowell 4
Wednesday, June 22nd , 2022 - OOTP Baseball 23.4 Build 64